 Dungeon Crawl Stone Soup version 0.29-a0-330-g52719c12eb (webtiles) character file.

Game seed: 8161452621604896226

464 HoaS the Quickloader (level 7, -4/41 HPs)
             Began as a Kobold Hunter on May 18, 2022.
             Slain by Robin
             ... wielding a +2 short sword of electrocution
              (20 damage)
             ... on level 3 of the Dungeon.
             The game lasted 00:05:48 (3334 turns).

HoaS the Quickloader (Kobold Hunter)                Turns: 3334, Time: 00:05:49

Health: -4/41      AC:  9    Str:  8    XL:     7   Next: 29%
Magic:  7/7        EV: 13    Int: 11    God:
Gold:   170        SH:  0    Dex: 20    Spells: 6/6 levels left

rFire   . . .      SeeInvis .   a - +2 hand crossbow
rCold   . . .      Faith    .   (no shield)
rNeg    . . .      Spirit   .   j - +0 ring mail
rPois   .          Reflect  .   i - +2 helmet
rElec   .          Harm     .   h - +0 cloak
rCorr   .          Rampage  .   (no gloves)
Will    .....                   (no boots)
Stlth   +++.......              (no amulet)
HPRegen 0.13/turn               (no ring)
MPRegen 0.10/turn               (no ring)

@: no status effects
A: small, no large weapons, nightstalker 3
a: no special abilities


You were on level 3 of the Dungeon.
You visited 1 branch of the dungeon, and saw 3 of its levels.

You collected 170 gold pieces.

Inventory:

Hand Weapons
 a - a +2 hand crossbow (weapon)
Armour
 h - a +0 cloak (worn)
 i - a +2 helmet (worn)
 j - a +0 ring mail (worn)
Jewellery
 k - a +4 ring of evasion
Wands
 p - a wand of flame (15)
Scrolls
 c - a scroll of immolation
 o - a scroll of teleportation
 q - a scroll of identify
Potions
 b - a potion of cancellation
 d - 2 potions of flight {unknown}
 e - a potion of lignification
 f - a potion of attraction {unknown}
 g - a potion of mutation {unknown}
 l - a potion of heal wounds {unknown}
 m - 2 potions of curing
 n - a potion of might {unknown}


   Skills:
 * Level 3.1 Fighting
 - Level 10.0 Crossbows
 + Level 0.8 Armour
 + Level 2.9 Dodging
 + Level 2.2 Stealth


You had 6 spell levels left.
You didn't know any spells.
Your spell library contained the following spells:

 Spells                   Type           Power      Damage    Failure   Level
 Blink                    Tloc           0%         N/A       86%         2
 Ice Form                 Ice/Tmut       0%         N/A       100%        4
 Manifold Assault         Tloc           0%         N/A       100%        5
 Storm Form               Tmut/Air       0%         N/A       100%        7
 Borgnjor's Revivificati  Necr           0%         N/A       100%        8


Dungeon Overview and Level Annotations

Branches:
Dungeon (3/15)

Altars:

Shops:
D:2 (

Annotations:
D:3 Robin


Innate Abilities, Weirdness & Mutations

You are small and have problems with some larger weapons.
You are completely attuned to the shadows.


Message History

You kill the hobgoblin!
A goblin comes into view. It is wielding a +0 club.
A hobgoblin comes into view.
You shoot a bolt. The bolt closely misses the goblin.
The bolt hits the goblin!
You kill the goblin!
The goblin closely misses you.
You shoot a bolt. The bolt hits the goblin!
You kill the goblin!
Robin roars a battlecry!
The goblins go into a battle-frenzy!
You shoot a bolt. The bolt completely misses the goblin.
The bolt hits the hobgoblin.
The hobgoblin is severely wounded.
The goblin hits you but does no damage. Robin throws the goblin at you!
The goblin closely misses you. The goblin hits you with a +0 dagger.
You shoot a bolt. The bolt hits the goblin!
You kill the goblin!
The goblin hits you with a +0 dagger.
You shoot a bolt.
The bolt completely misses the hobgoblin.
The bolt hits Robin!
Robin is heavily wounded.
A goblin comes into view. It is wielding a +0 dagger.
The goblin hits you with a +0 dagger.
Robin roars a battlecry!
The goblin goes into a battle-frenzy!
The hobgoblin hits you.
You shoot a bolt. The goblin shouts!
The bolt hits the hobgoblin.
You kill the hobgoblin!
The goblin closely misses you.
You shoot a bolt. The bolt hits the goblin.
You kill the goblin!
You shoot a bolt. The bolt hits Robin.
Robin is severely wounded.
Robin hits you but does no damage.
You are electrocuted!
Robin hits you with a +2 short sword of electrocution.
You are electrocuted!!
You die...

#### #... #.##
#.## #.#. #.#.
.<###########
#.#.
))gg@)......#
#...
.)#########.#
#### #.# #.#
####.##### #
.........# ###
.###.###.#....
# ###.#
#.#.###
#.#...# #.#.#
#


You could see Robin and a goblin (strong).

Vanquished Creatures
  Sigmund (D:2)
  Jessica (D:2)
  Natasha (thrice) (D:2)
  Ijyb (D:3)
  Terence (D:2)
  6 gnolls (D:2)
  An adder (D:3)
  2 worms
  A dart slug (D:1)
  3 orcs (D:3)
  5 endoplasms
  2 giant cockroaches
  11 goblins
  10 hobgoblins
  3 jackals
  5 quokkas
  5 ball pythons
  6 bats
  4 frilled lizards
  3 kobolds
  7 rats
81 creatures vanquished.

Notes
Turn   | Place    | Note
-------+----------+-------------------------------------------
     0 | D:1      | HoaS the Kobold Hunter began the quest for the Orb.
     0 | D:1      | Reached XP level 1. HP: 12/12 MP: 1/1
    91 | D:1      | Reached XP level 2. HP: 14/17 MP: 2/2
   157 | D:1      | Got the Volume of Icy Dark Secrets
   360 | D:1      | Reached skill level 6 in Crossbows
   776 | D:1      | Found a faded altar of an unknown god.
   786 | D:1      | Reached XP level 3. HP: 21/21 MP: 3/3
  1481 | D:2      | Noticed Natasha
  1487 | D:2      | Killed Natasha
  1488 | D:2      | Reached skill level 7 in Crossbows
  1488 | D:2      | Reached XP level 4. HP: 20/26 MP: 4/4
  1498 | D:2      | Noticed Natasha
  1499 | D:2      | Killed Natasha
  1672 | D:2      | Noticed Natasha
  1674 | D:2      | Killed Natasha
  1675 | D:2      | Reached skill level 8 in Crossbows
  1675 | D:2      | Reached XP level 5. HP: 30/30 MP: 5/5
  1679 | D:2      | Noticed Sigmund
  1937 | D:2      | Found Qosy's Weapon Boutique.
  1957 | D:2      | Noticed Jessica
  1960 | D:2      | Killed Jessica
  2024 | D:2      | Noticed Terence
  2034 | D:2      | Killed Terence
  2225 | D:2      | Reached skill level 9 in Crossbows
  2225 | D:2      | Reached XP level 6. HP: 35/35 MP: 6/6
  2292 | D:2      | Killed Sigmund
  2293 | D:2      | Reached skill level 10 in Crossbows
  2293 | D:2      | Reached XP level 7. HP: 35/40 MP: 7/7
  3184 | D:3      | Noticed Ijyb
  3189 | D:3      | Killed Ijyb
  3324 | D:3      | Noticed Robin
  3334 | D:3      | Slain by Robin

Illustrated notes

Levels and vault maps discovered:
D:1:      lightli_arrival_lavapool, layout_basic, basic_ecumenical_altar
D:2:      minmay_skewed_foursquare, layout_basic, serial_shops,
          nicolae_shop_advertising_works [nicolae_subvault_shop_adworks],
          uniq_terence, uniq_sigmund, uniq_jessica, uniq_natasha
D:3:      minmay_door_path, layout_loops_corners, uniq_robin, uniq_ijyb

Skill      XL: |  1  2  3  4  5  6  7 |
---------------+----------------------+-----
Crossbows      | 6 7 8 9 10 | 10.0
Stealth        | 2 |  2.2
Fighting       | 3 |  3.1
Armour         | |  0.8
Dodging        | |  2.9

Action                   |  1- 3 |  4- 6 |  7- 9 || total
-------------------------+-------+-------+-------++-------
 Fire: Hand crossbow     |    72 |    64 |    57 ||   193
  Use: Scroll            |     4 |     3 |     2 ||     9
Armor: Leather armour    |     6 |       |       ||     6
       Ring mail         |     9 |     6 |    10 ||    25
Dodge: Dodged            |    31 |    15 |    13 ||    59

Table legend: (Time is in decaauts)
 A = Elapsed time spent in this place.
 B = Non-inter-level travel time spent in this place.
 C = Inter-level travel time spent in this place.
 D = Time resting spent in this place.
 E = Time spent auto-exploring this place.
 F = Levels seen in this place.
 G = Mean time per level.
                   A        B        C        D        E       F      G
               +--------+--------+--------+--------+--------+-----+--------+
         Total |   3382 |   3354 |     28 |    545 |   2311 |   3 | 1127.3 |
       Dungeon |   3382 |   3354 |     28 |    545 |   2311 |   3 | 1127.3 |
               +--------+--------+--------+--------+--------+-----+--------+

Top non-repeatable levels by time:
     D:2: 1622 daAuts
     D:1: 1241 daAuts
     D:3: 518 daAuts
